 Dungeon Crawl Stone Soup version 0.21.1-1-g345015fe64 (webtiles) character file.

1855 Jyngge the Protected (level 8, -3/73 HPs)
             Began as a Minotaur Fighter on June 24, 2018.
             Was a Follower of the Shining One.
             Slain by a hippogriff (7 damage)
             ... on level 6 of the Dungeon.
             The game lasted 00:19:52 (5525 turns).

Jyngge the Protected (Minotaur Fighter)             Turns: 5525, Time: 00:19:52

Health: -3/73      AC:  9    Str: 22    XL:     8   Next: 89%
Magic:  7/7        EV:  9    Int:  5    God:    the Shining One [*.....]
Gold:   257        SH: 10    Dex: 11    Spells: 7/7 levels left

rFire    . . .     SeeInvis .   B - +0 hand axe (chop)
rCold    . . .     Gourm    .   c - +0 shield
rNeg     . . .     Faith    .   b - +0 scale mail
rPois    .         Spirit   .   (helmet restricted)
rElec    .         Reflect  .   (no cloak)
rCorr    .         Harm     .   (no gloves)
MR       .....                  h - +0 pair of boots
Stlth    ..........             (no amulet)
HPRegen  0.22/turn              (no ring)
MPRegen  0.10/turn              (no ring)

@: marked, glowing
A: retaliatory headbutt, horns 2
a: Renounce Religion


You were on level 6 of the Dungeon.
You worshipped the Shining One.
The Shining One was aware of your devotion.
You were not hungry.

You visited 1 branch of the dungeon, and saw 7 of its levels.

You collected 257 gold pieces.

Inventory:

Hand Weapons
 a - a +0 war axe
 d - a +2 dire flail of protection
 A - a +3 hand axe
 B - a +0 hand axe of chopping (weapon)
Missiles
 u - 8 tomahawks of returning
 y - a throwing net (quivered)
Armour
 b - a +0 scale mail (worn)
 c - a +0 shield (worn)
 h - a +0 pair of boots (worn)
Wands
 o - a wand of random effects (20)
 x - a wand of iceblast (8)
 C - a wand of flame (25)
Scrolls
 g - 2 scrolls of blinking {unknown}
 i - 6 scrolls of remove curse
 j - 6 scrolls of teleportation {unknown}
 k - 3 scrolls of enchant weapon {unknown}
 l - a scroll of identify
 n - a scroll of fear
 r - a scroll of enchant armour {unknown}
 s - 3 scrolls of fog
 D - 2 scrolls of immolation {unknown}
 E - a scroll of amnesia {unknown}
Potions
 e - a potion of magic {unknown}
 m - 2 potions of mutation
 p - a potion of haste {unknown}
 q - 5 potions of curing
 t - 2 potions of brilliance {unknown}
 v - a potion of lignification
 w - a potion of agility {unknown}
 z - a potion of heal wounds {unknown}
Comestibles
 f - 12 rations


   Skills:
 + Level 7.0 Fighting
 + Level 8.1(8.3) Axes
 - Level 2.4(5.7) Maces & Flails
 + Level 8.1 Armour
 - Level 2.0 Dodging
 - Level 0.1 Stealth
 + Level 6.2 Shields


You had 7 spell levels left.
You didn't know any spells.

Dungeon Overview and Level Annotations

Branches:
Dungeon (7/15)             Temple (0/1) D:5

Altars:
Nemelex Xobeh
Qazlal
Sif Muna
Uskayaw
Vehumet
Xom
The Shining One

Shops:
D:6 (


Innate Abilities, Weirdness & Mutations

You reflexively headbutt those who attack you in melee.
You have a pair of horns on your head.


Message History

* * * LOW HITPOINT WARNING * * *
You block the hippogriff's attack.
You climb upwards.
There is a stone staircase leading down here.
You hit the hound.
You kill the hound!
You hit the hippogriff but do no damage.
You block the hippogriff's attack. The hippogriff pecks you.
* * * LOW HITPOINT WARNING * * *
You block the hippogriff's attack.
You hit the hippogriff but do no damage.
The hippogriff is severely wounded.
The hippogriff bites you but does no damage.
The hippogriff pecks you but does no damage.
The hippogriff closely misses you.
You hit the hippogriff.
The hippogriff is severely wounded.
The hippogriff bites you but does no damage.
The hippogriff pecks you!
You die...

#...........##.##.........#####
#...........##.##.......)......
#...........##.##........######
#...........##.#.........#
#............#.#.........#
#............#.#.........#
#..............#.#########
#...........#H.#.#
#############†@#.# ####.# #.#
#.# #.# ######.# #......#
#.###### #.#


You could see a hippogriff.

Vanquished Creatures
  Prince Ribbit (D:7)
  Edmund (D:4)
  A sky beast (D:6)
  2 phantoms
  2 ogres
  2 centaurs (D:5)
  2 bullfrogs (D:7)
  2 scorpions
  A hound (D:6)
  A quasit (D:3)
  A centaur zombie (D:5)
  2 bullfrog zombies
  2 jellies
  2 orc priests
  A centaur skeleton (D:4)
  An iguana (D:5)
  5 orc wizards
  3 worker ants
  8 adders
  2 shadow imps
  3 dart slugs
  2 leopard geckos
  16 orcs
  2 ball pythons
  4 giant cockroaches
  13 goblins
  4 hobgoblins (D:1)
  8 jackals
  2 quokkas
  6 bats
  5 frilled lizards
  A giant cockroach zombie (D:5)
  6 kobolds
  5 rats
119 creatures vanquished.

Notes
Turn   | Place    | Note
-------+----------+-------------------------------------------
     0 | D:1      | Jyngge the Minotaur Fighter began the quest for the Orb.
     0 | D:1      | Reached XP level 1. HP: 19/19 MP: 0/0
    47 | D:1      | Reached XP level 2. HP: 13/27 MP: 1/1
   400 | D:1      | Reached XP level 3. HP: 32/33 MP: 2/2
  1331 | D:2      | Reached XP level 4. HP: 40/40 MP: 3/3
  1379 | D:2      | Found a deep blue altar of Sif Muna.
  1616 | D:3      | Found a radiant altar of Vehumet.
  1616 | D:3      | Found a shimmering altar of Xom.
  1616 | D:3      | Found a sparkling altar of Nemelex Xobeh.
  1619 | D:3      | Found a stormy altar of Qazlal.
  1619 | D:3      | Found a glowing golden altar of the Shining One.
  1676 | D:3      | Became a worshipper of the Shining One
  1832 | D:3      | Reached skill level 1 in Dodging
  2543 | D:4      | Reached XP level 5. HP: 34/47 MP: 4/4
  2599 | D:4      | Noticed a phantom
  2646 | D:4      | Killed a phantom
  2661 | D:4      | Reached skill level 5 in Axes
  2661 | D:4      | Reached XP level 6. HP: 18/53 MP: 5/5
  2915 | D:4      | Reached skill level 5 in Armour
  2928 | D:4      | Noticed Edmund
  2939 | D:4      | Killed Edmund
  3154 | D:4      | Reached skill level 5 in Fighting
  3154 | D:4      | Reached XP level 7. HP: 37/61 MP: 6/6
  3354 | D:4      | Reached skill level 1 in Maces & Flails
  3602 | D:5      | Entered Level 5 of the Dungeon
  3785 | D:5      | Reached * piety under the Shining One
  3901 | D:5      | Found a hide-covered altar of Uskayaw.
  3959 | D:5      | Reached skill level 5 in Shields
  4452 | D:5      | Found a staircase to the Ecumenical Temple.
  4467 | D:5      | Reached XP level 8. HP: 49/70 MP: 7/7
  4786 | D:6      | Found Tyergh's Weapon Shop.
  5217 | D:7      | Noticed Prince Ribbit
  5257 | D:7      | Killed Prince Ribbit
  5512 | D:7      | Noticed a hippogriff
  5525 | D:6      | Slain by a hippogriff

Skill      XL: |  1  2  3  4  5  6  7  8 |
---------------+-------------------------+-----
Armour         | 4 5 7 8 |  8.1
Fighting       | 4 5 6 7 |  7.0
Shields        | 4 5 6 |  6.2
Axes           | 3 4 5 6 8 |  8.1
Dodging        | 1 2 |  2.0
Maces & Flails | 2 |  2.4
Stealth        | |  0.1

Action                   |  1- 3 |  4- 6 |  7- 9 || total
-------------------------+-------+-------+-------++-------
Melee: War axe           |   106 |   103 |       ||   209
       Headbutt          |    14 |    18 |    26 ||    58
       Dire flail        |       |    11 |    30 ||    41
       Hand axe          |       |       |   106 ||   106
Throw: Throwing net      |       |     1 |       ||     1
  Use: Scroll            |       |     7 |       ||     7
       Potion            |       |     1 |     1 ||     2
  Eat: Chunk             |     2 |     2 |     5 ||     9
       Ration            |       |     1 |     1 ||     2
Armor: Scale mail        |    63 |    74 |    50 ||   187
Dodge: Dodged            |    35 |    38 |    42 ||   115
Block: Shield            |    56 |    64 |    55 ||   175
